 Dungeon Crawl Stone Soup version 0.30.0-29-ga12c61a403 (webtiles) character file.

Game seed: 4358238203367050425

241 AgateBread the Ducker (level 6, 0/48 HPs)
             Began as a Merfolk Gladiator on June 24, 2023.
             Slain by a water moccasin (7 damage)
             ... on level 4 of the Dungeon.
             The game lasted 00:18:43 (2920 turns).

AgateBread the Ducker (Merfolk Gladiator)           Turns: 2920, Time: 00:18:43

Health: 0/48       AC:  7    Str: 15    XL:     6   Next: 8%
Magic:  6/6        EV: 13    Int: 13    God:
Gold:   183        SH:  0    Dex: 17    Spells: 5/5 levels left

rFire   . . .        a - +0 long sword
rCold   . . .        (no shield)
rNeg    . . .        u - +0 ring mail
rPois   .            c - +0 helmet
rElec   .            z - +0 cloak
rCorr   .            (no gloves)
SInv    .            (no boots)
Will    .....        (no amulet)
Stlth   +            s - +6 ring of intelligence
HPRegen 0.28/turn    (no ring)
MPRegen 0.10/turn

%: no passive effects
@: lethally poisoned (0 -> -6), hasted, very quick
A: (nimble swimmer 2), mertail
a: no special abilities


You were on level 4 of the Dungeon.
You visited 1 branch of the dungeon, and saw 4 of its levels.

You collected 183 gold pieces.

Inventory:

Hand Weapons
 a - a +0 long sword (weapon)
 q - a +0 halberd
 y - a +4 quarterstaff of chaos
 D - a +1 vampiric short sword
Missiles
 d - a throwing net
 e - a javelin
 j - 2 poisoned darts (quivered)
Armour
 c - a +0 helmet (worn)
 f - a +0 chain mail
 k - a +0 plate armour
 u - a +0 ring mail (worn)
 z - a +0 cloak (worn)
Magical Staves
 l - a staff of death
Jewellery
 s - a +6 ring of intelligence (left hand)
 w - a ring of fire
Scrolls
 g - 2 scrolls of amnesia
 p - 2 scrolls of immolation
 t - a scroll of magic mapping {unknown}
 C - a scroll of enchant armour {unknown}
Potions
 r - 2 potions of brilliance
 x - a potion of cancellation {unknown}
 A - a potion of might {unknown}


   Skills:
 + Level 4.2 Fighting
 + Level 5.4 Long Blades
 - Level 2.0 Throwing
 + Level 6.0 Dodging


You had 5 spell levels left.
You didn't know any spells.
Your spell library contained the following spells:

 Spells                   Type           Power      Damage    Failure   Level
 Volatile Blastmotes      Fire/Tloc      0%         2d10      88%         3
 Fulminant Prism          Conj/Hex       0%         3d5       99%         4
 Iskenderun's Mystic Bla  Conj/Tloc      0%         2d3       99%         4
 Lee's Rapid Deconstruct  Erth           0%         3d4*      100%        5


Dungeon Overview and Level Annotations

Branches:
Dungeon (4/15)
 Temple: D:4-7

Altars:
Yredelemnul
Zin


Innate Abilities, Weirdness & Mutations

((You are very nimble when in or above water. (Stealth+, EV+, Speed+++)))
Your lower body shifts to a powerful aquatic tail in water.


Message History

The water moccasin is moderately wounded.
The water moccasin bites you.
You are poisoned.
The water moccasin poisons you! The water moccasin bites you.
You are more poisoned.
The water moccasin poisons you!
You feel better. The water moccasin bites you.
You barely miss the water moccasin.
The water moccasin is moderately wounded.
The water moccasin bites you. x2
You are poisoned.
The water moccasin poisons you!
You miss the water moccasin.
The water moccasin is moderately wounded.
You feel very sick. The water moccasin misses you.
The water moccasin closely misses you.
It was a potion of heal wounds.
You feel much better.
You feel sick. The water moccasin bites you!
You are more poisoned.
The water moccasin poisons you!
It was a potion of haste.
You feel yourself speed up.
You feel very sick. The water moccasin bites you!
You hit the water moccasin.
The water moccasin is moderately wounded.
You feel very sick.
The water moccasin bites you but does no damage.
You closely miss the water moccasin.
The water moccasin is moderately wounded.
You feel sick. The water moccasin bites you.
* * * LOW HITPOINT WARNING * * *
You hit the water moccasin.
The water moccasin is heavily wounded.
You feel sick. The water moccasin bites you.
* * * LOW HITPOINT WARNING * * *
You completely miss the water moccasin.
The water moccasin is heavily wounded.
* * * LOW HITPOINT WARNING * * *
You feel sick. The water moccasin bites you!
You die...

#.......#)..#.###.#.#.#
#<......#.....# #.....#
#.##.#...####.###.....#
#.##....(S....##..#>#..#
#.####...######.#.#......
#.......#######.#)#.#.#.#
#######.##........# #.# #
#.##........# .
#.##...@S...# #
#.##............... #.
#.......##.(####
#..?....# ..# #.......#
... ######### .##. . . ##


You could see a water moccasin.

Vanquished Creatures
  Crazy Yiuf (D:2)
  An orc priest (D:3)
  An iguana (D:4)
  7 adders
  3 worms
  5 orcs
  8 ball pythons
  5 endoplasms
  6 giant cockroaches
  10 goblins
  8 hobgoblins
  10 kobolds
  3 quokkas
  6 frilled lizards
  5 rats
  A spectral goblin (D:3)
80 creatures vanquished.

Notes
Turn   | Place    | Note
-------+----------+-------------------------------------------
     0 | D:1      | AgateBread the Merfolk Gladiator began the quest for the
                  | Orb.
     0 | D:1      | Reached XP level 1. HP: 16/16 MP: 1/1
   161 | D:1      | Reached XP level 2. HP: 8/23 MP: 2/2
   542 | D:1      | Reached XP level 3. HP: 28/28 MP: 3/3
   889 | D:2      | Reached XP level 4. HP: 32/35 MP: 4/4
   893 | D:2      | Reached skill level 5 in Dodging
  1392 | D:2      | Found a runed translucent door.
  1393 | D:2      | Noticed Crazy Yiuf
  1523 | D:2      | Killed Crazy Yiuf
  1524 | D:2      | Reached XP level 5. HP: 29/41 MP: 5/5
  1896 | D:3      | Reached skill level 5 in Long Blades
  2006 | D:3      | Found a faded altar of an unknown god.
  2257 | D:3      | Found a basalt altar of Yredelemnul.
  2259 | D:3      | Found a glowing silver altar of Zin.
  2872 | D:4      | Reached skill level 6 in Dodging
  2872 | D:4      | Reached XP level 6. HP: 48/48 MP: 6/6
  2902 | D:4      | Noticed a water moccasin
  2920 | D:4      | Slain by a water moccasin

Illustrated notes

Levels and vault maps discovered:
D:1:      dpeg_arrival_orchard, layout_loops_cross
D:2:      layout_basic, uniq_crazy_yiuf_cottage
D:3:      layout_basic, chequers_temple_overflow_statue_of_worship,
          dreamdust_ecumenical_altar_drowned_temple
D:4:      minmay_opposing_rooms, layout_loops_cross,
          nicolae_inconvenience_store, serial_bayou_pond_b,
          kennysheep_orc_chapel

Skill      XL: |  1  2  3  4  5 |
---------------+----------------+-----
Long Blades    | 4 5 |  5.4
Fighting       | 3 4 |  4.2
Dodging        | 5 6 |  6.0
Throwing       | |  2.0

Action                     |  1- 3 |  4- 6 || total
---------------------------+-------+-------++-------
  Melee: Long sword        |    77 |   144 ||   221
         Punch             |       |     1 ||     1
         Tailslap          |       |     2 ||     2
  Throw: Stone             |     1 |    12 ||    13
         Throwing net      |       |     2 ||     2
         Dart              |       |     1 ||     1
    Use: Scroll            |       |     8 ||     8
         Potion            |       |     3 ||     3
   Stab: Sleeping          |     2 |       ||     2
         Distracted        |     1 |       ||     1
         Held in net/web   |       |     2 ||     2
 Armour: Leather armour    |    15 |    14 ||    29
         Ring mail         |       |    12 ||    12
  Dodge: Dodged            |    51 |   109 ||   160
